 Dungeon Crawl Stone Soup version 0.19-a0-1168-g98094fc (webtiles) character file.

3164 MackTheKnife the Cruncher (level 9, 0/67 HPs)
             Began as a Purple Draconian Wanderer on Aug 15, 2016.
             Was a Believer of Hepliaklqana.
             Slain by a hellwing (11 damage)
             ... summoned by an obsidian statue
             ... on level 8 of the Dungeon.
             The game lasted 00:18:27 (7626 turns).

MackTheKnife the Cruncher (DrWn)                    Turns: 7626, Time: 00:18:28

Health: 0/67       AC: 10    Str: 11    XL:     9   Next: 63%
Magic:  18/18      EV: 12    Int: 12    God:    Hepliaklqana [**....]
Gold:   388        SH:  0    Dex: 15    Spells: 0 memorised, 8 levels left

rFire  + . .     SeeInvis +     l - +4 quarterstaff (chaos)
rCold  . . .     Gourm    .     (armour unavailable)
rNeg   + . .     Faith    .     (shield currently unavailable)
rPois  .         Spirit   .     (helmet restricted)
rElec  .         Dismiss  .     n - +0 cloak
rCorr  .         Reflect  .     (no gloves)
MR     ++...     Harm     .     i - +1 pair of boots
Stlth  ++........               m - amulet of rage {+Rage, !d}
                                j - ring "Wynejamy" {rF+ rN+ MR+ Str-3 SInv}
                                v - ring of magical power {MP+9}

@: about to teleport
A: breathe power, unfitting armour, cold-blooded, AC +7
a: Breathe Dispelling Energy, Recall Ancestor, Ancestor Identity, Renounce
Religion, Evoke Berserk Rage


You were on level 8 of the Dungeon.
You worshipped Hepliaklqana.
Hepliaklqana was pleased with you.
You were very hungry.

You visited 2 branches of the dungeon, and saw 9 of its levels.

You collected 388 gold pieces.

Inventory:

Hand Weapons
 l - a +4 quarterstaff of chaos (weapon)
   (You took it off Crazy Yiuf on level 2 of the Dungeon)
 x - a +2 war axe of freezing
   (You found it on level 7 of the Dungeon)
Armour
 i - a +1 pair of boots (worn)
   (You found it on level 2 of the Dungeon)
 n - a +0 cloak (worn)
   (You took it off Crazy Yiuf on level 2 of the Dungeon)
Jewellery
 j - the ring "Wynejamy" (right hand) {rF+ rN+ MR+ Str-3 SInv}
   (You found it on level 7 of the Dungeon)

   [ring of see invisible]

   It affects your strength (-3).
   It protects you from fire.
   It protects you from negative energy.
   It affects your resistance to hostile enchantments.
   It lets you see invisible.
 m - an amulet of rage (around neck) {+Rage, !d}
   (You found it on level 2 of the Dungeon)
 v - a ring of magical power (left hand) {MP+9}
   (You found it on level 6 of the Dungeon)
 w - an uncursed ring of ice {rC+, rF-}
   (You found it on level 6 of the Dungeon)
 E - an uncursed amulet of magic regeneration
   (You found it on level 8 of the Dungeon)
Wands
 s - a wand of digging (24/24)
   (You found it on level 5 of the Dungeon)
 z - a wand of random effects (16/48)
   (You found it on level 7 of the Dungeon)
 D - a wand of disintegration (19/24)
   (You found it on level 8 of the Dungeon)
Scrolls
 a - 2 scrolls of teleportation
 g - 2 scrolls of remove curse
 q - 3 scrolls of enchant armour
 u - 2 scrolls of identify
Potions
 b - a potion of haste {unknown}
 c - 2 potions of agility {unknown}
 e - a potion of curing
 f - a potion of might {unknown}
 k - a potion of cancellation {unknown}
 p - a potion of mutation {unknown}
 r - a potion of heal wounds {unknown}
 t - 2 potions of invisibility {unknown}
 A - a potion of ambrosia {unknown}
 B - a potion of degeneration {unknown}
 C - a potion of brilliance {unknown}
Books
 y - a book of the Tempests
   (You found it on level 7 of the Dungeon)
 F - a book of Ice
   (You found it on level 8 of the Dungeon)
Comestibles
 d - 4 bread rations {@e1}
 h - 15 fruits
 o - 2 royal jellies


   Skills:
 - Level 5.9 Fighting
   Level 1.0(8.1) Polearms
 + Level 12.3 Staves
 - Level 1.0 Throwing
 - Level 1.5 Dodging
 - Level 2.6 Stealth
 - Level 1.1 Evocations


You had 8 spell levels left.
You didn't know any spells.

Dungeon Overview and Level Annotations

Branches:
Dungeon (8/15)             Temple (1/1) D:4
   Lair: D:8-11

Altars:
Ashenzari
Cheibriados
Dithmenos
Elyvilon
Fedhas
Gozag
Hepliaklqana
Kikubaaqudgha
Makhleb
Nemelex Xobeh
Okawaru
Pakellas
Qazlal
Ru
Sif Muna
Trog
Uskayaw
Vehumet
Xom
Yredelemnul
Zin
The Shining One

Shops:
D:5 %

Annotations:
D:8 exclusion: obsidian statue


Innate Abilities, Weirdness & Mutations

You can breathe bolts of dispelling energy.
Your rich purple scales are hard. (AC +7)
Your body does not fit into most forms of armour.
You are cold-blooded and may be slowed by cold attacks.


Message History

You sock the scorpion!
You kill the scorpion!
You feel sick.
You take 1 damage, and have 62/67 hp.
You feel sick.
You feel sick.
You take 1 damage, and have 61/67 hp.
You feel sick.
You take 1 damage, and have 61/67 hp.
Unknown command.
You feel sick.
You take 1 damage, and have 60/67 hp.
You feel sick.
You take 1 damage, and have 60/67 hp.
You feel sick.
You are no longer poisoned.
You found a teleport trap!
Found a stone staircase leading down.
You regained 3 hp, and now have 63/67 hp.
You hear the faint creaking of a very distant portcullis.
You see here a hunting sling.
D - a wand of disintegration You regained 2 hp, and now have 65/67 hp.
Unknown command.
You now have 375 gold pieces (gained 5).
Health restored: 67 You now have 388 gold pieces (gained 13).
Found a glowing malachite amulet.
Found a stone staircase leading down.
E - a glowing malachite amulet Unknown command.
F - a book of Ice Unknown command.
Put on which piece of jewellery? (? for menu, Esc to quit)
You remove your amulet of rage {+Rage, !d}.
The amulet hums as it attunes itself to your energized body.
E - an amulet of magic regeneration (around neck) Put on which piece of jewellery? (? for menu, Esc to quit)
You remove your amulet of magic regeneration.
m - an amulet of rage (around neck) {+Rage, !d} Unknown command.
You hear the faint creaking of a very distant portcullis.
There is a stone staircase leading up here.
You are feeling very hungry.
You swap places.
Unknown command.
Really walk into a travel-excluded area?
Unknown command.
You hit the obsidian statue.
You tail-slap the obsidian statue, but do no damage.
You sock the obsidian statue!
The obsidian statue's eyes glow briefly.
You hit the obsidian statue but do no damage.
Louis hits the obsidian statue with a dagger of draining.
You hit the obsidian statue but do no damage.
The white imp closely misses Louis.
Louis hits the obsidian statue with a dagger of draining.
You hit the obsidian statue but do no damage.
The white imp barely misses Louis.
Louis hits the obsidian statue with a dagger of draining.
You hit the obsidian statue but do no damage.
The obsidian statue's eyes glow briefly.
The iron imp hits you!
You take 11 damage, and have 56/67 hp.
You hit the obsidian statue but do no damage.
The white imp gestures at you.
The puff of frost hits Louis.
Louis resists.
Louis misses the white imp.
The obsidian statue's eyes glow briefly.
You hit the obsidian statue.
The red devil disappears in a puff of smoke!
The white imp barely misses Louis.
Louis hits the white imp with a dagger of draining.
You hit the obsidian statue.
The sixfirhy hits Louis!
The sixfirhy shocks Louis!
The sixfirhy barely misses Louis.
The hellwing barely misses you. The hellwing hits you!
You take 7 damage, and have 50/67 hp.
You hit the obsidian statue but do no damage.
The sixfirhy hits Louis.
The sixfirhy shocks Louis!
Louis is destroyed!
The sixfirhy barely misses you. The hellwing hits you!
The hellwing hits you but does no damage.
You take 8 damage, and have 42/67 hp.
You hit the obsidian statue but do no damage.
Frost spreads across the the floor.
You tail-slap the obsidian statue, but do no damage.
The sixfirhy hits you but does no damage.
The sixfirhy hits you. The sixfirhy shocks you! The sixfirhy hits you.
The sixfirhy shocks you!
* * * LOW HITPOINT WARNING * * *
The hellwing misses you. The hellwing hits you.
* * * LOW HITPOINT WARNING * * *
You take 31 damage, and have 11/67 hp.
MASSIVE DAMAGE!!
As you read the scroll of teleportation, it crumbles to dust.
You feel strangely unstable. The hellwing barely misses you.
The hellwing hits you but does no damage.
The hellwing hits you!
You die...

#..8.8.8.# #.........
######.........
#............#.
#.#.#......)_#. ##
#..###.......#.
##?###.##...........
##.5.##..#.#...÷.....
#?.8@4##.....÷8.8.8.#
##.435.#......)).....
##......#....#######
##..........#
##.....#...#####
##....#.<.....#
##...........#
#.#.........#
##.#.(.#.....#


You could see an obsidian statue, 2 hellwings, a sixfirhy, an iron imp and a
white imp.

Vanquished Creatures
  Joseph (D:8)
  Grinder (D:3)
  A hungry ghost (D:7)
  Menkaure (D:4)
  An ice beast (D:6)
  An orc warrior (D:6)
  A phantom (D:6)
  A necrophage (D:7)
  3 centaurs
  4 ogres
  3 giant frogs
  A big kobold (D:8)
  2 scorpions
  A howler monkey (D:7)
  A centaur zombie (D:7)
  3 crimson imps
  A hound (D:6)
  A quasit (D:7)
  An orc priest (D:4)
  A jelly (D:7)
  3 orc wizards
  A giant frog skeleton (D:6)
  Crazy Yiuf (D:2)
  A centaur skeleton (D:7)
  Ijyb (D:3)
  2 iguanas
  3 worker ants
  A killer bee zombie (D:7)
  A hound zombie (D:3)
  A hound skeleton (D:4)
  3 gnolls (D:3)
  10 adders
  A shadow imp (D:6)
  An ooze (D:2)
  A worm (D:2)
  5 dart slugs
  5 giant geckos
  23 orcs
  7 giant cockroaches
  9 goblins
  9 hobgoblins
  17 jackals
  8 kobolds
  3 quokkas
  6 ball pythons
  7 bats
  5 giant newts
  3 rats
168 creatures vanquished.

Vanquished Creatures (collateral kills)
  A black bear (D:7)
  A phantom (D:5)
2 creatures vanquished.

Vanquished Creatures (others)
  A giant frog zombie (D:5)
  A hexer (D:8)
  2 ancestors
  An orc (D:3)
5 creatures vanquished.

Grand Total: 175 creatures vanquished

Notes
Turn   | Place    | Note
-------+----------+-------------------------------------------
     0 | D:1      | MackTheKnife the Draconian Wanderer began the quest for the Orb.
     0 | D:1      | MackTheKnife set off with: a scroll of teleportation, a +0 spear, a +0 dagger, a bread ration {@e1}
     0 | D:1      | Reached XP level 1. HP: 19/19 MP: 1/1
   179 | D:1      | Reached XP level 2. HP: 24/27 MP: 2/2
   187 | D:1      | Reached skill level 4 in Fighting
   957 | D:2      | Reached XP level 3. HP: 29/34 MP: 3/3
  1059 | D:2      | Reached skill level 5 in Fighting
  1222 | D:2      | Reached XP level 4. HP: 26/42 MP: 4/4
  1375 | D:2      | HP: 10/42 [poisoned by an adder]
  1376 | D:2      | HP: 4/42 [poisoned by an adder]
  1798 | D:2      | Found a runed door.
  1975 | D:2      | Noticed Crazy Yiuf
  1985 | D:2      | Killed Crazy Yiuf
  2199 | D:3      | Noticed Grinder
  2308 | D:3      | Reached XP level 5. HP: 44/50 MP: 5/5
  2318 | D:3      | Reached skill level 1 in Staves
  2460 | D:3      | Reached skill level 2 in Staves
  2570 | D:3      | Found a deep blue altar of Sif Muna.
  2672 | D:3      | Paralysed by Grinder for 7 turns
  2688 | D:3      | Killed Grinder
  2688 | D:3      | Reached skill level 4 in Staves
  2688 | D:3      | Reached XP level 6. HP: 31/57 MP: 6/6
  2923 | D:3      | Noticed Ijyb
  2933 | D:3      | Killed Ijyb
  3158 | D:4      | Reached skill level 5 in Staves
  3295 | D:4      | Your scales start taking on a rich purple colour.
  3295 | D:4      | Reached XP level 7. HP: 49/62 MP: 7/7
  3527 | D:4      | Found a basalt altar of Yredelemnul.
  3530 | D:4      | Found a shattered altar of Ashenzari.
  3535 | D:4      | Found a hazy altar of Hepliaklqana.
  3541 | D:4      | Became a worshipper of Hepliaklqana
  3565 | D:4      | Found a staircase to the Ecumenical Temple.
  3570 | Temple   | Entered the Ecumenical Temple
  3823 | D:4      | Reached skill level 6 in Staves
  3952 | D:4      | Reached * piety under Hepliaklqana
  4026 | D:4      | Noticed Menkaure
  4045 | D:4      | Killed Menkaure
  4045 | D:4      | Reached skill level 7 in Staves
  4227 | D:4      | Found a blossoming altar of Fedhas.
  4320 | D:5      | Entered Level 5 of the Dungeon
  4370 | D:5      | Found Fityu's Food Boutique.
  4713 | D:5      | Found a radiant altar of Vehumet.
  4945 | D:5      | Reached XP level 8. HP: 35/63 MP: 8/8
  4949 | D:5      | Reached skill level 8 in Staves
  5464 | D:6      | Reached skill level 9 in Staves
  5673 | D:6      | HP: 14/63 [orc warrior/battleaxe (6)]
  5679 | D:6      | HP: 8/63 [giant frog (7)]
  5974 | D:6      | Found a glowing golden altar of the Shining One.
  5986 | D:6      | Reached skill level 10 in Staves
  5992 | D:6      | Found an opulent altar of Gozag.
  6103 | D:6      | Reached ** piety under Hepliaklqana
  6141 | D:6      | Remembered your ancestor Louis as a hexer
  6230 | D:6      | Reached XP level 9. HP: 67/67 MP: 9/9
  6585 | D:7      | Reached skill level 11 in Staves
  6601 | D:7      | Got a transparent platinum ring
  6962 | D:7      | Identified the ring "Wynejamy" {rF+ rN+ MR+ Str-3 SInv} (You found it on level 7 of the Dungeon)
  7341 | D:8      | Noticed Joseph
  7343 | D:8      | Found a hide-covered altar of Uskayaw.
  7357 | D:8      | Killed Joseph
  7357 | D:8      | Reached skill level 12 in Staves
  7486 | D:8      | Noticed an obsidian statue
  7621 | D:8      | Noticed a sixfirhy
  7621 | D:8      | Noticed a hellwing
  7622 | D:8      | Noticed a red devil
  7622 | D:8      | Noticed a hellwing
  7625 | D:8      | HP: 16/67 [sixfirhy[an obsidian statue] (12)]
  7626 | D:8      | Slain by a hellwing

Vault maps used:
D:1:      minmay_arrival_three_doors
D:2:      uniq_crazy_yiuf_cottage
D:3:      led_sif_pool, first_bread, uniq_iyjb, uniq_grinder
D:4:      grunt_temple_overflow_diamond, fedhas_altar_fruit_tree, uniq_menkaure
D:5:      lemuel_round_altar, serial_shops, kennysheep_mini_moat, fountainhead
D:6:      kennysheep_mini, tso_metal_star
D:8:      minmay_separated_statues, eat_drink_and_be_merry_uskayaw,
          enter_bailey_2, uniq_joseph
Temple:   regret_index_temple_generic_petals

Skill      XL: |  1  2  3  4  5  6  7  8  9 |
---------------+----------------------------+-----
Fighting       | 4 5 |  5.9
Staves         | 4 5 7 10 12 | 12.3
Polearms       | |  1.0
Throwing       | |  1.0
Dodging        | |  1.5
Stealth        | |  2.6
Evocations     | |  1.1

Action                   |  1- 3 |  4- 6 |  7- 9 || total
-------------------------+-------+-------+-------++-------
Melee: Spear             |   128 |    63 |       ||   191
       Tailslap          |    14 |    19 |    35 ||    68
       Quarterstaff      |       |   118 |   271 ||   389
Invok: Ancestor Identity |       |       |     1 ||     1
       Ancestor Life: He |       |       |     1 ||     1
 Abil: Evoke Berserk Rag |       |     1 |     1 ||     2
       Breathe Dispellin |       |       |     2 ||     2
  Use: Scroll            |       |     5 |     7 ||    12
       Potion            |       |     1 |       ||     1
 Stab: Sleeping          |     8 |     1 |     4 ||    13
       Paralysed         |       |       |     2 ||     2
       Confused          |       |       |     2 ||     2
  Eat: Chunk             |     1 |     8 |    12 ||    21
       Bread ration      |       |       |     1 ||     1
Armor: Skin              |    28 |    66 |    77 ||   171
Dodge: Dodged            |    48 |   106 |   132 ||   286

Vault maps used:
D:1:      minmay_arrival_three_doors
D:2:      uniq_crazy_yiuf_cottage
D:3:      led_sif_pool, first_bread, uniq_iyjb, uniq_grinder
D:4:      grunt_temple_overflow_diamond, fedhas_altar_fruit_tree, uniq_menkaure
D:5:      lemuel_round_altar, serial_shops, kennysheep_mini_moat, fountainhead
D:6:      kennysheep_mini, tso_metal_star
D:8:      minmay_separated_statues, eat_drink_and_be_merry_uskayaw,
          enter_bailey_2, uniq_joseph
Temple:   regret_index_temple_generic_petals

Table legend:
 A = Turns spent in this place as a percentage of turns spent in the entire game.
 B = Non-inter-level travel turns spent in this place as a percentage of non-inter-level travel turns spent in the entire game.
 C = Inter-level travel turns spent in this place as a percentage of turns spent in this place.
 D = Turns resting spent in this place as a percentage of non-inter-level travel turns spent in this place.
 E = Turns spent auto-exploring this place as a percentage of non-inter-level travel turns spent in this place.
 F = Non-inter-level travel turns spent in this place divided by the number of levels of this place that you've seen.
                   A       B       C       D       E      F
               +-------+-------+-------+-------+-------+----------------------
         Total | 100.0 | 100.0 |   0.6 |   4.4 |   9.4 | 240.3
       Dungeon |  99.3 |  99.4 |   0.6 |   4.4 |   8.8 | 268.6
        Temple |   0.7 |   0.6 |   6.7 |   0.0 | 100.0 |  14.0
               +-------+-------+-------+-------+-------+----------------------

Table legend:
 A = Kills in this place as a percentage of kills in entire the game.
 B = Kills by you in this place as a percentage of kills by you in the entire game.
 C = Kills by friends in this place as a percentage of kills by friends in the entire game.
 D = Other kills in this place as a percentage of other kills in the entire game.
 E = Experience gained in this place as a percentage of experience gained in the entire game.
 F = Experience gained in this place divided by the number of levels of this place that you have seen.
                   A       B       C       D       E      F
               +-------+-------+-------+-------+-------+----------------------
         Total | 100.0 | 100.0 | 100.0 | 100.0 | 100.0 | 502.3
       Dungeon | 100.0 | 100.0 | 100.0 | 100.0 | 100.0 | 565.1
               +-------+-------+-------+-------+-------+----------------------
